 Dungeon Crawl Stone Soup version 0.24.0-125-gc4c63601f3 (webtiles) character file.

Game seed: 1826679680185450619, levelgen mode: deterministic

409 shakethe the Skirmisher (level 6, -9/51 HPs)
             Began as a Demonspawn Fighter on Mar 17, 2020.
             Mangled by an ogre
             ... wielding a +0 giant spiked club
              (25 damage)
             ... on level 4 of the Dungeon.
             The game lasted 00:07:48 (3789 turns).

shakethe the Skirmisher (Demonspawn Fighter)        Turns: 3789, Time: 00:07:49

Health: -9/51      AC:  5    Str: 17    XL:     6   Next: 58%
Magic:  6/6        EV: 12    Int: 10    God:
Gold:   152        SH:  0    Dex: 13    Spells: 5/5 levels left

rFire    . . .     SeeInvis +   a - +0 rapier
rCold    . . .     Gourm    .   (no shield)
rNeg     . . .     Faith    .   r - +0 leather armour
rPois    .         Spirit   .   (no helmet)
rElec    .         Reflect  .   (no cloak)
rCorr    .         Harm     .   (no gloves)
MR       .....                  (no boots)
Stlth    +++.......             (no amulet)
HPRegen  0.17/turn              p - ring of see invisible
MPRegen  0.10/turn              (no ring)

@: no status effects
A: molten scales 1, demonic guardian 1, nightstalker 1
a: no special abilities


You were on level 4 of the Dungeon.
You were not hungry.

You visited 1 branch of the dungeon, and saw 4 of its levels.

You collected 152 gold pieces.

Inventory:

Hand Weapons
 a - a +0 rapier (weapon)
Missiles
 q - a throwing net (quivered)
Armour
 c - a +0 shield
 r - a +0 leather armour (worn)
Jewellery
 b - an uncursed ring of fire {unknown}
 p - a ring of see invisible (left hand)
 s - a cursed ring of attention {unknown}
Scrolls
 e - 2 scrolls of fog {unknown}
 i - 2 scrolls of magic mapping {unknown}
 k - 2 scrolls of amnesia {unknown}
 l - 5 scrolls of identify {unknown}
 m - a scroll of remove curse {unknown}
 o - a scroll of enchant weapon {unknown}
Potions
 d - 2 potions of might
 g - a potion of mutation {unknown}
 h - 2 potions of lignification
 j - a potion of magic {unknown}
 n - a potion of agility {unknown}
Comestibles
 f - 11 rations
 t - a chunk of flesh


   Skills:
 * Level 5.2 Fighting
 + Level 3.2 Short Blades
 - Level 2.8 Armour
 + Level 2.4 Dodging
 + Level 2.5 Stealth
 - Level 2.8 Shields


You had 5 spell levels left.
You didn't know any spells.
Your spell library was empty.

Dungeon Overview and Level Annotations

Branches:
Dungeon (4/15)
 Temple: D:4-7

Altars:
Ashenzari
Sif Muna
Vehumet


Innate Abilities, Weirdness & Mutations

You are partially covered in molten scales. (AC +2)
A weak demonic guardian rushes to your aid.
You are slightly more attuned to the shadows.


Message History

You start resting.
An ogre comes into view. It is wielding a +0 giant spiked club.
You hit the ogre.
The ogre is lightly wounded.
The ogre closely misses you.
You barely miss the ogre.
The ogre is lightly wounded.
The ogre closely misses you.
You hit the ogre.
The ogre is moderately wounded.
The ogre hits you with a +0 giant spiked club!!
You completely miss the ogre.
The ogre is moderately wounded.
You hit the ogre but do no damage.
The ogre is moderately wounded.
The ogre closely misses you.
You hit the ogre.
The ogre is heavily wounded.
The ogre hits you with a +0 giant spiked club!!
You die...

#....... #....<..
#....... #..).... ##
######.......
...#.######>...........
......†##.####.#...##
.#.###.##.# #.#.###
#.5@O..#.# #.#.#
#####..#.####.#.#
#..#.#....#.#
#.........#.#
##.#.#.##.# .....#.#
##......# #....###
#.....


You could see an ogre and a friendly shadow imp.

Vanquished Creatures
  A phantom (D:4)
  An ogre (D:4)
  A scorpion (D:3)
  A howler monkey (D:4)
  A hound (D:4)
  A centaur skeleton (D:4)
  Jessica (D:3)
  A gnoll (D:3)
  3 adders
  2 oozes (D:3)
  4 worms
  4 dart slugs
  A leopard gecko (D:2)
  An orc (D:3)
  2 giant cockroaches
  6 goblins
  6 hobgoblins
  8 jackals (D:3)
  2 ball pythons
  7 bats
  7 frilled lizards
  8 kobolds
  4 rats
73 creatures vanquished.

Vanquished Creatures (collateral kills)
  2 gnolls (D:3)
2 creatures vanquished.

Vanquished Creatures (others)
  A rat (D:2)
1 creature vanquished.

Grand Total: 76 creatures vanquished

Notes
Turn   | Place    | Note
-------+----------+-------------------------------------------
     0 | D:1      | shakethe the Demonspawn Fighter began the quest for the
                  | Orb.
     0 | D:1      | Reached XP level 1. HP: 18/18 MP: 1/1
   229 | D:1      | Gained mutation: You are slightly more attuned to the
                  | shadows. [demonic ancestry]
   229 | D:1      | Reached XP level 2. HP: 20/24 MP: 2/2
   878 | D:1      | Reached XP level 3. HP: 28/29 MP: 3/3
  1069 | D:2      | Found a faded altar of an unknown god.
  1074 | D:2      | Reached skill level 1 in Dodging
  1371 | D:2      | Reached skill level 1 in Stealth
  1628 | D:2      | Found a radiant altar of Vehumet.
  1660 | D:2      | Reached XP level 4. HP: 37/37 MP: 4/4
  1838 | D:2      | Found a shimmering blue altar of Sif Muna.
  2045 | D:3      | HP: 2/55 [scorpion (6)]
  2051 | D:3      | Reached skill level 4 in Fighting
  2480 | D:3      | Gained mutation: A weak demonic guardian rushes to your
                  | aid. [demonic ancestry]
  2480 | D:3      | Reached XP level 5. HP: 37/42 MP: 5/5
  2559 | D:3      | Found a shattered altar of Ashenzari.
  3052 | D:3      | Noticed Jessica
  3057 | D:3      | Killed Jessica
  3171 | D:4      | Noticed a phantom
  3196 | D:4      | Noticed an ogre
  3213 | D:4      | Killed a phantom
  3213 | D:4      | Gained mutation: You are partially covered in molten
                  | scales. (AC +2) [demonic ancestry]
  3213 | D:4      | Reached XP level 6. HP: 15/50 MP: 6/6
  3458 | D:4      | Reached skill level 5 in Fighting
  3789 | D:4      | Mangled by an ogre

Levels and vault maps discovered:
D:1:      saegor_arrival_simple_c, layout_basic
D:2:      layout_rooms, fiery_altar_vehumet, lemuel_coloured_pillars_altar,
          first_ration, chequers_ecumenical_altar_simple_redux
D:3:      layout_basic, evilmike_ruin_ashenzari, uniq_jessica
D:4:      minmay_skewed_foursquare, layout_basic

Skill      XL: |  1  2  3  4  5  6 |
---------------+-------------------+-----
Short Blades   | 2 3 |  3.2
Dodging        | 1 2 |  2.4
Stealth        | 1 2 |  2.5
Fighting       | 4 5 |  5.2
Armour         | |  2.8
Shields        | |  2.8

Action                   |  1- 3 |  4- 6 || total
-------------------------+-------+-------++-------
Melee: Rapier            |   158 |   179 ||   337
  Use: Potion            |       |     2 ||     2
 Stab: Sleeping          |       |     3 ||     3
  Eat: Chunk             |     2 |     4 ||     6
       Ration            |       |     1 ||     1
Armor: Scale mail        |    61 |    58 ||   119
       Skin              |       |    11 ||    11
       Leather armour    |       |    16 ||    16
Dodge: Dodged            |    41 |    69 ||   110
Block: Shield            |    68 |    80 ||   148
